 Dungeon Crawl Stone Soup version 0.26-a0-154-g3d63440f56 (webtiles) character file.

Game seed: 4766163066992662374

77 Flugslaktarn the Chiller (level 4, -2/21 HPs)
             Began as a Vine Stalker Ice Elementalist on June 30, 2020.
             Slain by an orc priest
             ... wielding a +0 mace
              (4 damage)
             ... on level 4 of the Dungeon.
             The game lasted 00:03:47 (583 turns).

Flugslaktarn the Chiller (VSIE)                      Turns: 583, Time: 00:03:47

Health: -2/21      AC:  3    Str: 10    XL:     4   Next: 33%
Magic:  0/10       EV: 12    Int: 16    God:
Gold:   118        SH:  0    Dex: 15    Spells: 3/10 levels left

rFire    . . .     SeeInvis .   n - +1 whip (freeze)
rCold    . . .     Faith    .   (no shield)
rNeg     . . .     Spirit   +   a - +0 robe
rPois    .         Reflect  .   i - +0 helmet
rElec    .         Harm     .   (no cloak)
rCorr    .                      (no gloves)
MR       .....                  (no boots)
Stlth    ++........             l - amulet of inaccuracy (curse)
HPRegen  0.47/turn              j - +4 ring of slaying
MPRegen  0.12/turn              (no ring)

@: frozen ramparts, stab
A: fangs 2, regeneration 1, magic shield, antimagic bite, no potion heal 3, rot
immunity
a: no special abilities


You were on level 4 of the Dungeon.
You were not hungry.

You visited 1 branch of the dungeon, and saw 4 of its levels.

You collected 118 gold pieces.

Inventory:

Hand Weapons
 d - a +0 short sword
   (You took it off a kobold on level 1 of the Dungeon)
 n - a +1 whip of freezing (weapon)
   (You took it off a kobold on level 2 of the Dungeon)
Missiles
 f - 9 arrows
Armour
 a - a +0 robe (worn)
 i - a +0 helmet (worn)
   (You found it on level 1 of the Dungeon)
Jewellery
 j - a +4 ring of slaying (left hand)
   (You found it on level 1 of the Dungeon)
 l - a cursed amulet of inaccuracy (around neck)
   (You found it on level 1 of the Dungeon)
Scrolls
 e - a scroll of identify {unknown}
 g - 2 scrolls of blinking {unknown}
 h - a scroll of fog {unknown}
Potions
 b - a potion of stabbing
 k - a potion of curing
 m - a potion of lignification {unknown}
 o - a potion of heal wounds {unknown}
 p - a potion of resistance {unknown}
Comestibles
 c - 4 rations


   Skills:
 - Level 1.5 Dodging
 - Level 2.4 Stealth
 + Level 3.5 Spellcasting
 + Level 4.9 Ice Magic


You had 3 spell levels left.
You knew the following spells:

 Your Spells              Type           Power        Failure   Level  Hunger
a - Freeze                Ice            ###.         2%          1    None
b - Frozen Ramparts       Ice            ###...       7%          3    ###....
c - Ozocubu's Armour      Chrm/Ice       ##......     19%         3    ###....

Your spell library contained the following spells:

 Spells                   Type           Power        Failure   Level  Hunger
 Hailstorm                Conj/Ice       ##......     54%         4    ####...
 Summon Ice Beast         Ice/Summ       ##......     54%         4    ####...


Dungeon Overview and Level Annotations

Branches:
Dungeon (4/15)
 Temple: D:4-7

Altars:


Innate Abilities, Weirdness & Mutations

You have extremely sharp teeth.
Your natural rate of healing is unusually fast.
When hurt, damage is shared between your health and your magic reserves.
Your bite disrupts and absorbs the magic of your enemies.
Potions cannot restore your health.
You are immune to rotting.


Message History

You hit the adder skeleton. You bite the adder skeleton. You drain its power.
You feel invigorated.
The adder skeleton is heavily damaged.
The adder skeleton misses you.
Unknown command.
You hit the adder skeleton. You bite the adder skeleton. You drain its power.
You feel invigorated.
The adder skeleton is almost destroyed.
The adder skeleton misses you.
Unknown command.
You closely miss the adder skeleton. You bite the adder skeleton.
You destroy the adder skeleton!
Unknown command.
Found 17 gold pieces and a scroll labeled TARHIR CEWE.
There is an open door here. 2 orc priests come into view.
The orc priest shouts!
An orc comes into view. It is wielding a +0 hand axe.
The orc priest shouts!
The orc shouts!
You hear a shout!
You see here 17 gold pieces.
You now have 118 gold pieces (gained 17).
An orc wizard comes into view. It is wielding a +0 dagger.
Casting: Freeze (safe; 2% risk of failure)
Confirm with . or Enter, or press ? or * to list all spells.
The spell is quite dangerous to cast (7% risk of failure)!
Continue anyway?
The walls around you are covered in ice.
The wall freezes the orc priest.
The orc priest calls down the wrath of Beogh upon you.
Pain shoots through your body!
* * * LOW HITPOINT WARNING * * *
An orc wizard comes into view. It is wielding a +0 dagger.
Casting: Frozen Ramparts (quite dangerous; 7% risk of failure)
Confirm with . or Enter, or press ? or * to list all spells.
Aiming: Freeze (safe; 2% risk of failure)
Press: ? - help, Shift-Dir - straight line, f - orc priest
Aim: an orc priest, wielding a +0 mace (lightly wounded)
You freeze the orc priest.
The orc priest is moderately wounded.
The wall freezes the orc priest.
The orc priest calls upon Beogh to heal the orc priest.
The orc priest's wounds heal themselves!
The orc wizard casts a spell.
The orc wizard flickers and vanishes!
Deactivating autopickup; reactivate with Ctrl-A.
The wall freezes the orc.
The wall freezes the orc priest.
You barely miss the orc priest.
The orc priest is moderately wounded.
The wall freezes the orc priest.
The orc priest misses you.
The wall freezes the orc priest.
The orc priest hits you with a +0 mace.
You die...

....?..#'##.......
.......'..#.?....
....Z..#..#....#
.......#..#....#
.......#..#....#
.......#..'....# #
.......#..#....#..#
########<.#o...o...
#...#@oo.....
#...#####..## #....
..# #....# ..
##...# . #...#
.o..#


You could see 2 orc priests, an orc wizard and an orc.

Vanquished Creatures
  A centaur skeleton (D:4)
  An ooze (D:1)
  An adder skeleton (D:4)
  A worm (D:3)
  A dart slug (D:2)
  A leopard gecko (D:1)
  3 bats
  2 giant cockroaches
  2 hobgoblins (D:1)
  3 jackals (D:1)
  6 kobolds
  2 quokkas (D:3)
  A ball python (D:2)
  4 frilled lizards
  3 goblins
  6 rats
38 creatures vanquished.

Notes
Turn   | Place    | Note
-------+----------+-------------------------------------------
     0 | D:1      | Flugslaktarn the Vine Stalker Ice Elementalist began the
                  | quest for the Orb.
     0 | D:1      | Reached XP level 1. HP: 9/9 MP: 4/4
    68 | D:1      | Reached XP level 2. HP: 7/13 MP: 1/6
   214 | D:1      | Reached XP level 3. HP: 7/16 MP: 6/8
   223 | D:1      | Learned a level 3 spell: Frozen Ramparts
   288 | D:2      | Learned a level 3 spell: Ozocubu's Armour
   570 | D:4      | Gained mutation: Your natural rate of healing is unusually
                  | fast. [Vine Stalker growth]
   570 | D:4      | Reached XP level 4. HP: 1/21 MP: 3/10
   581 | D:4      | HP: 1/21 [orc priest/nerve-wracking pain (6)]
   583 | D:4      | Slain by an orc priest

Illustrated notes

Levels and vault maps discovered:
D:1:      psy_arrival_spokes, layout_loops_ring
D:2:      layout_basic, grunt_ministairs_10, st_stairs_5
D:3:      layout_basic, tgw_sif, uniq_ijyb, uniq_purgy
D:4:      layout_gridville, nicolae_overflow_crystal_walls,
          minmay_temple_entry_mist

Skill      XL: |  1  2  3 |
---------------+----------+-----
Spellcasting   | 3 |  3.5
Dodging        | |  1.5
Stealth        | |  2.4
Ice Magic      | |  4.9

Action                   |  1- 3 |  4- 6 || total
-------------------------+-------+-------++-------
Melee: Short sword       |    17 |       ||    17
       Bite              |     9 |     3 ||    12
       Whip              |    21 |     4 ||    25
 Cast: Freeze            |    26 |     1 ||    27
       Frozen Ramparts   |     4 |     1 ||     5
  Use: Potion            |     2 |       ||     2
 Stab: Sleeping          |     2 |       ||     2
Armor: Robe              |    10 |       ||    10
Dodge: Dodged            |    43 |     3 ||    46

Table legend:
 A = Non-vault XP
 B = Vault XP
 C = Vault XP percentage of total XP
 D = Non-vault monster count
 E = Vault monster count
 F = Vault count percentage of total count
                 A         B        C        D         E       F
            +---------+---------+-------+---------+---------+-------
      Total |     103 |       7 |   6.4 |      35 |       3 |   7.9
            +---------+---------+-------+---------+---------+-------
        D:1 |      37 |       0 |   0.0 |      19 |       0 |   0.0
        D:2 |      10 |       7 |  41.2 |       9 |       3 |  25.0
        D:3 |      12 |       0 |   0.0 |       5 |       0 |   0.0
        D:4 |      44 |       0 |   0.0 |       2 |       0 |   0.0
            +---------+---------+-------+---------+---------+-------
